 Dungeon Crawl Stone Soup version 0.22-a0-460-g49b1da7e92 (webtiles) character file.

348 Oravi the Gusty (level 6, -2/32 HPs)
             Began as a Tengu Air Elementalist on June 9, 2018.
             Slain by a hippogriff (4 damage)
             ... on level 4 of the Dungeon.
             The game lasted 00:11:41 (3289 turns).

Oravi the Gusty (Tengu Air Elementalist)            Turns: 3289, Time: 00:11:42

Health: -2/32      AC:  2    Str:  8    XL:     6   Next: 60%
Magic:  6/12       EV: 13    Int: 17    God:
Gold:   152        SH:  0    Dex: 15    Spells: 2/12 levels left

rFire    + . .     SeeInvis +   x - +1 war axe (elec)
rCold    . . .     Gourm    .   (no shield)
rNeg     . . .     Faith    .   a - +0 robe
rPois    .         Spirit   .   (helmet restricted)
rElec    .         Reflect  .   (no cloak)
rCorr    .         Harm     .   (no gloves)
MR       .....                  (boots unavailable)
Stlth    ++........             (no amulet)
HPRegen  0.10/turn              p - ring of see invisible
MPRegen  0.13/turn              q - ring of protection from fire

@: no status effects
A: beak, talons 3, able to fly 1
a: Fly


You were on level 4 of the Dungeon.
You were very hungry.

You visited 1 branch of the dungeon, and saw 4 of its levels.

You collected 152 gold pieces.

Inventory:

Hand Weapons
 m - a +0 whip
 r - a +1 dagger of electrocution
 x - a +1 war axe of electrocution (weapon)
Missiles
 j - 8 exploding tomahawks (quivered)
 o - 69 stones
Armour
 a - a +0 robe (worn)
Jewellery
 p - a ring of see invisible (left hand)
 q - a ring of protection from fire (right hand)
Wands
 v - a wand of acid (10)
Scrolls
 d - 4 scrolls of teleportation {unknown}
 e - 3 scrolls of noise {unknown}
 f - 2 scrolls of fear {unknown}
 g - 2 scrolls of remove curse {unknown}
 i - 3 scrolls of amnesia {unknown}
 k - 2 scrolls of fog {unknown}
 s - 2 scrolls of enchant armour {unknown}
 u - 2 scrolls of identify {unknown}
 w - a scroll of blinking {unknown}
 y - a scroll of enchant weapon {unknown}
Potions
 b - 3 potions of curing {unknown}
 h - a potion of cancellation {unknown}
 l - 4 potions of heal wounds
 n - a potion of haste {unknown}
 t - a potion of degeneration {unknown}
Comestibles
 c - 6 rations


   Skills:
 - Level 2.1 Dodging
 - Level 2.0 Stealth
 + Level 3.9 Spellcasting
 + Level 5.0 Conjurations
 + Level 6.3 Air Magic


You had 2 spell levels left.
You knew the following spells:

 Your Spells              Type           Power        Failure   Level  Hunger
a - Shock                 Conj/Air       ###.         1%          1    None
b - Swiftness             Chrm/Air       ##......     7%          2    ##.....
c - Static Discharge      Conj/Air       ###.....     4%          3    ###....
d - Airstrike             Air            ###.......   12%         4    ####...

Your spell library contained the following spells:

 Spells                   Type           Power        Failure   Level  Hunger
 Lightning Bolt           Conj/Air       ###.......   38%         5    ######.


Dungeon Overview and Level Annotations

Branches:
Dungeon (4/15)
 Temple: D:4-7

Altars:


Innate Abilities, Weirdness & Mutations

You have a beak for a mouth.
You have claws for feet.
You can fly.


Message History

The hippogriff claws you but does no damage.
The hippogriff closely misses you. The hippogriff barely misses you.
The hippogriff claws you.
You barely miss the hippogriff. You claw the hippogriff.
You peck the hippogriff, but do no damage.
The hippogriff is almost dead.
The hippogriff closely misses you. The hippogriff pecks you.
The hippogriff claws you.
* * * LOW HITPOINT WARNING * * *
Casting: Shock (safe; 1% risk of failure)
Confirm with . or Enter, or press ? or * to list all spells.
Aiming: Shock (safe; 1% risk of failure)
Press: ? - help, Shift-Dir - straight line, f/p - hippogriff
Aim: a hippogriff (almost dead)
The zap hits the hippogriff.
The hippogriff appears unharmed.
The hippogriff is almost dead.
The hippogriff bites you!
* * * LOW HITPOINT WARNING * * *
The hippogriff barely misses you. The hippogriff claws you.
You die...

#.
..#.....))..........)<#
#.
#.#.########..#########
#. #.#.#<.....#..# #.
#.#.#..###.#..###### .
#. #.#.#..# #.#.......#
..#.
#.#.#..###.#...###.#
....##.#.#............#
...>...#.#.....)..#####
..........#####.@.....#
##..............H.#.###
..................#.#
#.......#.######.....
#########.# #..#.## #.#
#..#.# #.# #..# # ..#
#..# ..#


You could see a hippogriff.

Vanquished Creatures
  Duvessa (D:4)
  Dowan (D:4)
  A howler monkey (D:3)
  2 orc wizards
  Jessica (D:2)
  An adder (D:3)
  3 dart slugs (D:1)
  3 leopard geckos
  6 orcs
  7 bats
  2 giant cockroaches (D:3)
  7 hobgoblins
  A quokka (D:2)
  A frilled lizard (D:3)
  5 goblins
  3 kobolds (D:3)
  7 rats
52 creatures vanquished.

Notes
Turn   | Place    | Note
-------+----------+-------------------------------------------
     0 | D:1      | Oravi the Tengu Air Elementalist began the quest for the Orb.
     0 | D:1      | Reached XP level 1. HP: 10/10 MP: 4/4
   104 | D:1      | Reached XP level 2. HP: 15/15 MP: 1/6
   818 | D:2      | You fall through a shaft!
   828 | D:3      | Reached XP level 3. HP: 19/19 MP: 1/7
  1444 | D:2      | Noticed Jessica
  1449 | D:2      | Killed Jessica
  1449 | D:2      | Reached XP level 4. HP: 22/24 MP: 2/9
  1863 | D:3      | Reached skill level 5 in Air Magic
  1978 | D:3      | Found a faded altar of an unknown god.
  2057 | D:3      | Gained mutation: You can fly. [Tengu growth]
  2057 | D:3      | Reached XP level 5. HP: 28/28 MP: 4/10
  2161 | D:3      | HP: 1/28 [orc wizard/puff of flame (2)]
  2411 | D:3      | Learned a level 3 spell: Static Discharge
  2414 | D:3      | Learned a level 2 spell: Swiftness
  2419 | D:3      | Learned a level 4 spell: Airstrike
  3049 | D:4      | Noticed Duvessa
  3073 | D:4      | Killed Duvessa
  3073 | D:4      | Reached skill level 6 in Air Magic
  3073 | D:4      | Reached XP level 6. HP: 26/32 MP: 0/12
  3187 | D:4      | Noticed Dowan
  3204 | D:4      | Killed Dowan
  3204 | D:4      | Reached skill level 5 in Conjurations
  3280 | D:4      | Noticed a hippogriff
  3289 | D:4      | Slain by a hippogriff

Vault maps used:
D:1:      lightli_molten_gateway
D:2:      uniq_jessica
D:3:      first_ration, chequers_ecumenical_altar_simple
D:4:      grunt_temple_overflow_open, uniq_duvessa, uniq_natasha

Skill      XL: |  1  2  3  4  5  6 |
---------------+-------------------+-----
Conjurations   | 2 3 4 5 |  5.0
Air Magic      | 5 6 |  6.3
Spellcasting   | 3 |  3.9
Dodging        | |  2.1
Stealth        | |  2.0

Action                   |  1- 3 |  4- 6 || total
-------------------------+-------+-------++-------
Melee: Dagger            |       |     9 ||     9
       War axe           |       |     4 ||     4
       Kick              |       |     3 ||     3
       Peck              |       |     2 ||     2
 Cast: Shock             |    66 |    83 ||   149
       Swiftness         |       |     1 ||     1
       Static Discharge  |       |     1 ||     1
  Use: Potion            |       |     1 ||     1
  Eat: Chunk             |     4 |     5 ||     9
Armor: Robe              |     5 |     3 ||     8
Dodge: Dodged            |     8 |    19 ||    27

Table legend:
 A = Spawn XP
 B = Non-spawn XP
 C = Spawn XP percentage of total XP
 D = Spawn monster count
 E = Non-spawn monster count
 F = Spawn count percentage of total count
 G = Total turns spent on level
                    A         B        C        D         E        F      G
               +---------+---------+-------+---------+---------+-------+---------
         Total |       0 |     498 |   0.0 |       0 |      52 |   0.0 |  3289
               +---------+---------+-------+---------+---------+-------+---------
           D:1 |       0 |      24 |   0.0 |       0 |      11 |   0.0 |   573
           D:2 |       0 |      52 |   0.0 |       0 |      11 |   0.0 |   864
           D:3 |       0 |     150 |   0.0 |       0 |      24 |   0.0 |  1211
           D:4 |       0 |     272 |   0.0 |       0 |       6 |   0.0 |   641
               +---------+---------+-------+---------+---------+-------+---------
